| TOP OF THE 1ST |
|
Quad Cities River Bandits batting - Pitching for Cedar Rapids Kernels : RHP Ruben Calderon
|
|
Pitching: RHP Ruben Calderon
|
|
|
Batting: LHB Jose Chavez
|
0-0: SINGLE (Groundball, 34D, EV 99.4 MPH)
|
|
Batting: RHB Edgar Trejo
|
0-0: Ball 1-0: Called Strike 1-1: Grounds into double play, 5-4-3 (Groundball, 56, EV 105.6 MPH)
|
|
Batting: RHB Jesus Malave
|
0-0: Ball 1-0: Foul Ball, location: 2F 1-1: Ball 2-1: Ground out 3-1 (Groundball, 13, EV 80.0 MPH)
|
| Top of the 1st over - 0 runs, 1 hit, 0 errors, 0 left on base; Quad Cities 0 - Cedar Rapids 0 |
| BOTTOM OF THE 1ST |
|
Cedar Rapids Kernels batting - Pitching for Quad Cities River Bandits : LHP Manny Gonzales
|
|
Pitching: LHP Manny Gonzales
|
|
|
Batting: RHB Nick Phipps
|
0-0: Called Strike 0-1: Ball 1-1: Foul Ball, location: 2F 1-2: Strikes out swinging
|
|
Batting: RHB Mike Buchanan
|
0-0: Called Strike 0-1: Ball 1-1: Ball 2-1: Foul Ball, location: 2F 2-2: Foul Ball, location: 2F 2-2: Ball 3-2: Ground out 6-3 (Groundball, 6, EV 83.8 MPH)
|
|
Batting: RHB Jose Almonte
|
0-0: Swinging Strike 0-1: Ball 1-1: Ball 2-1: Fly out, F7 (Flyball, 78S, EV 87.5 MPH)
|
| Bottom of the 1st over - 0 runs, 0 hits, 0 errors, 0 left on base; Quad Cities 0 - Cedar Rapids 0 |
| TOP OF THE 2ND |
|
Quad Cities River Bandits batting - Pitching for Cedar Rapids Kernels : RHP Ruben Calderon
|
|
Batting: RHB Sam Spohn
|
0-0: Ball 1-0: Ball 2-0: Called Strike 2-1: Called Strike 2-2: Foul Ball, location: 2F 2-2: Fly out, F9 (Flyball, 89M, EV 86.2 MPH)
|
|
Batting: RHB Nick Deegan
|
0-0: SINGLE (Groundball, 6, EV 106.9 MPH)
|
|
Batting: RHB Pat McCoy
|
0-0: Called Strike 0-1: Ball 1-1: Swinging Strike 1-2: Ball 2-2: Strikes out swinging
|
|
Batting: RHB Omar Amaya
|
0-0: Ball 1-0: Ball 2-0: Ball 3-0: Base on Balls Nick Deegan to second
|
|
Batting: RHB Dustin Hartman
|
0-0: Called Strike 0-1: Ball 1-1: Foul Ball, location: 2F 1-2: DOUBLE (Line Drive, 89D, EV 105.6 MPH) Nick Deegan scores Omar Amaya to third Runner from 3rd tries for Home, SAFE, throw by CF to trailing runner, SAFE at third!
|
|
Batting: RHB John Sabean
|
0-0: Ball 1-0: Ground out 5-3 (Groundball, 5, EV 87.5 MPH)
|
| Top of the 2nd over - 2 runs, 2 hits, 0 errors, 1 left on base; Quad Cities 2 - Cedar Rapids 0 |
| BOTTOM OF THE 2ND |
|
Cedar Rapids Kernels batting - Pitching for Quad Cities River Bandits : LHP Manny Gonzales
|
|
Batting: LHB Tomas Espino
|
0-0: Called Strike 0-1: Foul Ball, location: 2F 0-2: Ball 1-2: Foul Ball, location: 2F 1-2: SINGLE (Line Drive, 4MD, EV 99.4 MPH)
|
|
Batting: RHB Kevin Harris
|
0-0: Ball 1-0: Ball 2-0: Ball 3-0: Foul Ball, location: 2F 3-1: TRIPLE (Line Drive, 9D, EV 105.0 MPH) Tomas Espino scores
|
|
Batting: RHB Jose Gracia
|
0-0: Ball 1-0: Ball 2-0: Ball 3-0: Called Strike 3-1: SINGLE (Flyball, 8LS, EV 84.4 MPH) Kevin Harris scores
|
|
Batting: SHB Chris Hull
|
0-0: Ball 1-0: Ball 2-0: Foul Ball, location: 2F 2-1: Fly out, F7 (Flyball, 78M, EV 85.6 MPH)
|
|
Batting: RHB Andrew Rich
|
0-0: Ball 1-0: Ball 2-0: Called Strike 2-1: Ball 3-1: Grounds into double play, 4-6-3 (Groundball, 4, EV 83.1 MPH)
|
| Bottom of the 2nd over - 2 runs, 3 hits, 0 errors, 0 left on base; Quad Cities 2 - Cedar Rapids 2 |
| TOP OF THE 3RD |
|
Quad Cities River Bandits batting - Pitching for Cedar Rapids Kernels : RHP Ruben Calderon
|
|
Batting: LHB Jose Chavez
|
0-0: Called Strike 0-1: Ball 1-1: Ball 2-1: Called Strike 2-2: Ball 3-2: Base on Balls
|
|
Batting: RHB Edgar Trejo
|
0-0: Ball 1-0: Foul Ball, location: 2F 1-1: Ball 2-1: SINGLE (Groundball, 13, EV 88.1 MPH) (infield hit) Jose Chavez to second
|
|
Batting: RHB Jesus Malave
|
0-0: Called Strike 0-1: Called Strike 0-2: Strikes out swinging
|
|
Batting: RHB Sam Spohn
|
0-0: Ball Jose Chavez is caught stealing 3rd base 2-5 1-0: Ball 2-0: Ball 3-0: Called Strike 3-1: Fly out, F8 (Flyball, 8RD, EV 100.6 MPH)
|
| Top of the 3rd over - 0 runs, 1 hit, 0 errors, 1 left on base; Quad Cities 2 - Cedar Rapids 2 |
| BOTTOM OF THE 3RD |
|
Cedar Rapids Kernels batting - Pitching for Quad Cities River Bandits : LHP Manny Gonzales
|
|
Batting: RHB Ton van Dijk
|
0-0: Ball 1-0: Ball 2-0: Called Strike 2-1: Ball 3-1: Foul Ball, location: 2F 3-2: Foul Ball, location: 2F 3-2: Base on Balls
|
|
Batting: RHB Nick Phipps
|
0-0: Ball Ton van Dijk steals 2nd base (no throw) 1-0: Foul Ball, location: 2F 1-1: Foul Ball, location: 2F 1-2: Ball 2-2: Foul Ball, location: 2F 2-2: Foul Ball, location: 2F 2-2: Fly out, F5 (Popup, 5S, EV 75.0 MPH)
|
|
Batting: RHB Mike Buchanan
|
0-0: Foul Ball, location: 2F 0-1: Foul Ball, location: 2F 0-2: Ball 1-2: Ground out 5-3 (Groundball, 56, EV 80.0 MPH)
|
|
Batting: RHB Jose Almonte
|
0-0: Ball 1-0: Ball 2-0: Ground out 5-3 (Groundball, 5, EV 100.0 MPH)
|
| Bottom of the 3rd over - 0 runs, 0 hits, 0 errors, 1 left on base; Quad Cities 2 - Cedar Rapids 2 |
| TOP OF THE 4TH |
|
Quad Cities River Bandits batting - Pitching for Cedar Rapids Kernels : RHP Ruben Calderon
|
|
Batting: RHB Nick Deegan
|
0-0: Ground out 6-3 (Groundball, 6, EV 81.9 MPH)
|
|
Batting: RHB Pat McCoy
|
0-0: Called Strike 0-1: Ball 1-1: Ball 2-1: Ball 3-1: Fly out, F9 (Flyball, 9LSF, EV 98.1 MPH)
|
|
Batting: RHB Omar Amaya
|
0-0: Ball 1-0: Fly out, F9 (Line Drive, 9, EV 98.8 MPH)
|
| Top of the 4th over - 0 runs, 0 hits, 0 errors, 0 left on base; Quad Cities 2 - Cedar Rapids 2 |
| BOTTOM OF THE 4TH |
|
Cedar Rapids Kernels batting - Pitching for Quad Cities River Bandits : LHP Manny Gonzales
|
|
Batting: LHB Tomas Espino
|
0-0: Ground out 1-3 (Groundball, 23, EV 69.4 MPH)
|
|
Batting: RHB Kevin Harris
|
0-0: Ball 1-0: Ball 2-0: Ball 3-0: Called Strike 3-1: Base on Balls
|
|
Batting: RHB Jose Gracia
|
0-0: Fly out, F9 (Flyball, 9D, EV 99.4 MPH)
|
|
Batting: SHB Chris Hull
|
0-0: Called Strike 0-1: Ball Pickoff Throw by Catcher to First - Out!
|
| Bottom of the 4th over - 0 runs, 0 hits, 0 errors, 0 left on base; Quad Cities 2 - Cedar Rapids 2 |
| TOP OF THE 5TH |
|
Quad Cities River Bandits batting - Pitching for Cedar Rapids Kernels : RHP Ruben Calderon
|
|
Batting: RHB Dustin Hartman
|
0-0: Ground out 5-3 (Groundball, 5L, EV 83.1 MPH)
|
|
Batting: RHB John Sabean
|
0-0: Called Strike 0-1: Ground out 6-3 (Groundball, 56, EV 90.0 MPH)
|
|
Batting: LHB Jose Chavez
|
0-0: Foul Ball, location: 2F 0-1: Ball 1-1: Foul Ball, location: 2F 1-2: Foul Ball, location: 2F 1-2: Ball 2-2: Foul Ball, location: 2F 2-2: Foul Ball, location: 2F 2-2: Foul Ball, location: 2F 2-2: Ball 3-2: Ground out 4-3 (Groundball, 4, EV 85.0 MPH)
|
| Top of the 5th over - 0 runs, 0 hits, 0 errors, 0 left on base; Quad Cities 2 - Cedar Rapids 2 |
| BOTTOM OF THE 5TH |
|
Cedar Rapids Kernels batting - Pitching for Quad Cities River Bandits : LHP Manny Gonzales
|
|
Batting: SHB Chris Hull
|
0-0: Foul Ball, location: 2F 0-1: Called Strike 0-2: Ball 1-2: Strikes out swinging
|
|
Batting: RHB Andrew Rich
|
0-0: Ball 1-0: Called Strike 1-1: Fly out, F9 (Flyball, 9, EV 83.8 MPH)
|
|
Batting: RHB Ton van Dijk
|
0-0: SINGLE (Line Drive, 89M, EV 100.6 MPH)
|
|
Batting: RHB Nick Phipps
|
0-0: Ball Ton van Dijk steals 2nd base 1-0: Ball 2-0: Ball 3-0: Called Strike 3-1: Ground out 6-3 (Groundball, 6, EV 91.2 MPH)
|
| Bottom of the 5th over - 0 runs, 1 hit, 0 errors, 1 left on base; Quad Cities 2 - Cedar Rapids 2 |
| TOP OF THE 6TH |
|
Quad Cities River Bandits batting - Pitching for Cedar Rapids Kernels : RHP Ruben Calderon
|
|
Pitching: RHP Danny Lucero
|
|
|
Batting: RHB Edgar Trejo
|
0-0: Ball 1-0: Ball 2-0: Ball 3-0: Base on Balls
|
|
Batting: RHB Jesus Malave
|
0-0: Ball 1-0: Called Strike Edgar Trejo steals 2nd base 1-1: Swinging Strike 1-2: Foul Ball, location: 2F 1-2: Ball 2-2: SINGLE (Groundball, 6MD, EV 100.6 MPH) Edgar Trejo to third Runner from 3rd tries for Home, throw by CF and OUT! 8-2
|
|
Batting: RHB Sam Spohn
|
0-0: SINGLE (Groundball, 4MD, EV 103.1 MPH) Jesus Malave to second
|
|
Batting: RHB Nick Deegan
|
0-0: Called Strike 0-1: Fly out, F8 (Flyball, 8LS, EV 80.0 MPH) Lined into DP, 8-4 (Flyball, 8LS, EV 80.0 MPH)
|
| Top of the 6th over - 0 runs, 2 hits, 0 errors, 1 left on base; Quad Cities 2 - Cedar Rapids 2 |
| BOTTOM OF THE 6TH |
|
Cedar Rapids Kernels batting - Pitching for Quad Cities River Bandits : LHP Manny Gonzales
|
|
Batting: RHB Mike Buchanan
|
0-0: Ball 1-0: Ball 2-0: Ball 3-0: Called Strike 3-1: SINGLE (Groundball, 34D, EV 99.4 MPH)
|
|
Pitching: RHP Mike Rosen
|
|
|
Batting: RHB Jose Almonte
|
0-0: Ball 1-0: Called Strike 1-1: Foul Ball, location: 2F 1-2: Foul Ball, location: 2F 1-2: Foul Ball, location: 2F 1-2: Ball 2-2: 2-RUN HOME RUN (Flyball, 7D, EV 102.5 MPH), Distance : 378 ft
|
|
Batting: LHB Tomas Espino
|
0-0: Ball 1-0: Swinging Strike 1-1: Swinging Strike 1-2: Strikes out swinging
|
|
Batting: RHB Kevin Harris
|
0-0: Ball 1-0: Swinging Strike 1-1: Foul Ball, location: 2F 1-2: Foul Ball, location: 2F 1-2: Reached on error, E5 (Groundball, 56, EV 86.9 MPH)
|
|
Batting: RHB Jose Gracia
|
0-0: Fly out, F9 (Flyball, 89D, EV 100.0 MPH)
|
|
Batting: SHB Chris Hull
|
0-0: Called Strike Kevin Harris steals 2nd base 0-1: Foul Ball, location: 2F 0-2: Ball 1-2: Ball 2-2: Ground out U3 (Groundball, 34S, EV 83.1 MPH)
|
| Bottom of the 6th over - 2 runs, 2 hits, 1 error, 1 left on base; Quad Cities 2 - Cedar Rapids 4 |
| TOP OF THE 7TH |
|
Quad Cities River Bandits batting - Pitching for Cedar Rapids Kernels : RHP Danny Lucero
|
|
Batting: RHB Pat McCoy
|
0-0: Ball 1-0: Ball 2-0: Ball 3-0: Base on Balls
|
|
Batting: RHB Omar Amaya
|
0-0: Ball 1-0: Swinging Strike 1-1: Called Strike 1-2: Strikes out swinging
|
|
Batting: RHB Dustin Hartman
|
0-0: Called Strike 0-1: Ball 1-1: Grounds into double play, 4-6-3 (Groundball, 4M, EV 107.5 MPH)
|
| Top of the 7th over - 0 runs, 0 hits, 0 errors, 0 left on base; Quad Cities 2 - Cedar Rapids 4 |
| BOTTOM OF THE 7TH |
|
Cedar Rapids Kernels batting - Pitching for Quad Cities River Bandits : RHP Mike Rosen
|
|
Pitching: RHP Jayson Campbell
|
|
|
Batting: RHB Andrew Rich
|
0-0: Fly out, F8 (Line Drive, 8LD, EV 96.9 MPH)
|
|
Batting: RHB Ton van Dijk
|
0-0: Ball 1-0: Ground out 6-3 (Groundball, 6S, EV 80.0 MPH)
|
|
Batting: RHB Nick Phipps
|
0-0: Ball 1-0: Foul Ball, location: 2F 1-1: Foul Ball, location: 2F 1-2: Foul Ball, location: 2F 1-2: Foul Ball, location: 2F 1-2: SINGLE (Groundball, 56D, EV 103.8 MPH)
|
|
Batting: RHB Mike Buchanan
|
0-0: Ball 1-0: Ball 2-0: Foul Ball, location: 2F 2-1: Called Strike 2-2: Ball 3-2: Ground out 6-3 (Groundball, 56, EV 93.1 MPH)
|
| Bottom of the 7th over - 0 runs, 1 hit, 0 errors, 1 left on base; Quad Cities 2 - Cedar Rapids 4 |
| TOP OF THE 8TH |
|
Quad Cities River Bandits batting - Pitching for Cedar Rapids Kernels : RHP Danny Lucero
|
|
Pitching: RHP Pat Adams
|
|
|
Batting: RHB John Sabean
|
0-0: Swinging Strike 0-1: Ball 1-1: Foul Ball, location: 2F 1-2: Foul Ball, location: 2F 1-2: Strikes out swinging
|
|
Batting: LHB Jose Chavez
|
0-0: Called Strike 0-1: Swinging Strike 0-2: Ball 1-2: Strikes out swinging
|
|
Batting: RHB Edgar Trejo
|
0-0: Ball 1-0: Called Strike 1-1: SINGLE (Flyball, 34D, EV 90.0 MPH)
|
|
Batting: RHB Jesus Malave
|
0-0: Called Strike 0-1: Foul Ball, location: 2F 0-2: Ball 1-2: Strikes out looking
|
| Top of the 8th over - 0 runs, 1 hit, 0 errors, 1 left on base; Quad Cities 2 - Cedar Rapids 4 |
| BOTTOM OF THE 8TH |
|
Cedar Rapids Kernels batting - Pitching for Quad Cities River Bandits : RHP Jayson Campbell
|
|
Pitching: RHP Robin Yelland
|
|
|
Batting: RHB Jose Almonte
|
0-0: Called Strike 0-1: Swinging Strike 0-2: Ball 1-2: Ball 2-2: Foul Ball, location: 2F 2-2: Strikes out looking
|
|
Batting: LHB Tomas Espino
|
0-0: Ball 1-0: Ball 2-0: SINGLE (Groundball, 56D, EV 103.1 MPH) (infield hit)
|
|
Batting: RHB Kevin Harris
|
0-0: Ball 1-0: Ball 2-0: Called Strike 2-1: Ball 3-1: DOUBLE (Groundball, 5L, EV 94.4 MPH) Tomas Espino to third Runner from 3rd tries for Home, SAFE, no throw by LF
|
|
Batting: RHB Jose Gracia
|
0-0: Called Strike 0-1: Swinging Strike 0-2: Strikes out swinging
|
|
Batting: SHB Chris Hull
|
0-0: Called Strike 0-1: Ball 1-1: SINGLE (Line Drive, 7S, EV 96.2 MPH) Kevin Harris to third Runner from 3rd tries for Home, SAFE, throw by LF to home
|
|
Batting: RHB Andrew Rich
|
0-0: Foul Ball, location: 2F 0-1: DOUBLE (Groundball, 3L, EV 107.5 MPH) Chris Hull to third
|
|
Batting: RHB Ton van Dijk
|
0-0: Ground out U3 (Groundball, 3, EV 81.2 MPH)
|
| Bottom of the 8th over - 2 runs, 4 hits, 0 errors, 2 left on base; Quad Cities 2 - Cedar Rapids 6 |
| TOP OF THE 9TH |
|
Quad Cities River Bandits batting - Pitching for Cedar Rapids Kernels : RHP Pat Adams
|
|
Pitching: RHP Steven Legge
|
|
|
Batting: RHB Sam Spohn
|
0-0: SINGLE (Groundball, 34S, EV 63.8 MPH) (infield hit)
|
|
Batting: RHB Nick Deegan
|
0-0: Called Strike 0-1: Ball 1-1: Swinging Strike 1-2: Strikes out swinging
|
|
Batting: RHB Pat McCoy
|
0-0: Foul Ball, location: 2F 0-1: Foul Ball, location: 2F 0-2: Ball 1-2: Ball 2-2: Strikes out swinging
|
|
Batting: RHB Omar Amaya
|
0-0: Ball 1-0: Ball 2-0: Called Strike 2-1: Foul Ball, location: 2F 2-2: Strikes out swinging
|
| Top of the 9th over - 0 runs, 1 hit, 0 errors, 1 left on base; Quad Cities 2 - Cedar Rapids 6 |
|